 Dungeon Crawl Stone Soup version 0.24-a0-29-g43a6aff (console) character file.

Game seed: 9411987747167096973

24 Duffy the Chopper (level 3, 2/32 HPs)
             Began as a Naga Gladiator on Feb 2, 2019.
             Quit the game on level 2 of the Dungeon.
             The game lasted 00:00:59 (1046 turns).

Duffy the Chopper (Naga Gladiator)                  Turns: 1046, Time: 00:01:00

Health: 2/32       AC:  5    Str: 17    XL:     3   Next: 2%
Magic:  3/3        EV:  7    Int:  8    God:
Gold:   50         SH:  3    Dex: 12    Spells: 2/2 levels left

rFire    . . .     SeeInvis +   a - +0 war axe
rCold    . . .     Gourm    .   g - +0 buckler
rNeg     . . .     Faith    .   m - +0 scale mail
rPois    +         Spirit   .   c - +0 helmet
rElec    .         Reflect  .   (no cloak)
rCorr    .         Harm     .   (no gloves)
MR       .....                  (no barding)
Stlth    ..........             (no amulet)
HPRegen  0.10/turn              (no ring)
MPRegen  0.08/turn              (no ring)

@: short of breath, very slow
A: large, see invisible, deformed body, poison resistance, slowness 2, slow
metabolism 1, spit poison 1, AC +1
a: Spit Poison


You were on level 2 of the Dungeon.
You were not hungry.

You visited 1 branch of the dungeon, and saw 2 of its levels.

You collected 50 gold pieces.

Inventory:

Hand Weapons
 a - a +0 war axe (weapon)
Missiles
 d - 3 throwing nets (quivered)
Armour
 b - a +0 leather armour
 c - a +0 helmet (worn)
 g - a +0 buckler (worn)
 m - a +0 scale mail (worn)
Scrolls
 e - a scroll of teleportation {unknown}
 h - 2 scrolls of identify {unknown}
 j - a scroll of amnesia {unknown}
 k - a scroll of enchant armour {unknown}
 o - a scroll of blinking {unknown}
 p - a scroll of remove curse {unknown}
Potions
 l - a potion of curing
Comestibles
 f - 2 rations
 n - 2 chunks of flesh


   Skills:
 - Level 2.0 Fighting
 + Level 4.1 Axes
 - Level 1.7 Throwing
 - Level 2.4 Dodging


You had 2 spell levels left.
You didn't know any spells.
Your spell library was empty.

Dungeon Overview and Level Annotations

Branches:
Dungeon (2/15)

Altars:

Annotations:
D:2 Sigmund


Innate Abilities, Weirdness & Mutations

You cannot wear boots.
Your serpentine skin is tough. (AC +1)
You have supernaturally acute eyesight. (SInv)
Armour fits poorly on your strangely shaped body.
Your system is resistant to poisons. (rPois)
You cover ground very slowly.
You have a slow metabolism.
You can spit poison.


Message History

You feel slightly more hungry. Sigmund casts a spell at you.
You resist with some effort.
You closely miss Sigmund.
Sigmund is lightly wounded.
Sigmund completely misses you.
You completely miss Sigmund.
Sigmund is lightly wounded.
Sigmund hits you with a +0 scythe!
You hit Sigmund but do no damage.
Sigmund is lightly wounded.
Sigmund looks more healthy.
Sigmund hits you with a +0 scythe!
You hit Sigmund.
Sigmund is moderately wounded.
You have got your breath back.
Sigmund closely misses you.
Press: ? - help, Shift-Dir - straight line, f/p - Sigmund
Aim: Sigmund, wielding a +0 scythe and wearing a +0 robe (moderately wounded, slightly transparent)
The splash of poison misses Sigmund.
You feel slightly more hungry.
Are you sure you want to abandon this character and quit the game? (Confirm with "yes".)

#.#.#
#.#<#
#.###
#.# #.#
#.# #.#
#.# #@#
##@#####
#...%..#
#..)%$.#
#......#
#......#
#$.....#
#......#
#.$.....


You could see Sigmund (invisible).

Vanquished Creatures
  A leopard gecko (D:2)
  5 bats (D:1)
  2 giant cockroaches
  A goblin (D:1)
  3 hobgoblins
  A quokka (D:2)
  A ball python (D:2)
  6 kobolds
  2 rats (D:1)
22 creatures vanquished.

Notes
Turn   | Place    | Note
-------+----------+-------------------------------------------
     0 | D:1      | Duffy the Naga Gladiator began the quest for the Orb.
     0 | D:1      | Reached XP level 1. HP: 19/19 MP: 1/1
   306 | D:1      | Reached XP level 2. HP: 19/26 MP: 2/2
  1024 | D:2      | Noticed Sigmund
  1028 | D:2      | Reached skill level 4 in Axes
  1033 | D:2      | HP: 1/26 [leopard gecko (4)]
  1037 | D:2      | Reached XP level 3. HP: 26/32 MP: 3/3
  1043 | D:2      | HP: 1/32 [Sigmund/+0 scythe (13)]
  1046 | D:2      | Quit the game

Vault maps used:
D:1:      dpeg_cavernosity, solitary_fountain
D:2:      lemuel_crystal_altar, uniq_sigmund, uniq_natasha,
          uniq_crazy_yiuf_cottage

Skill      XL: |  1  2 |
---------------+-------+-----
Axes           | 4 |  4.1
Fighting       | |  2.0
Throwing       | |  1.7
Dodging        | |  2.4

Action                   || total
-------------------------++-------
Melee: War axe           ||    49
 Abil: Spit Poison       ||     3
  Use: Potion            ||     2
Armor: Leather armour    ||    17
       Scale mail        ||     9
Dodge: Dodged            ||    36
Block: Buckler           ||    12

Table legend:
 A = Non-vault XP
 B = Vault XP
 C = Vault XP percentage of total XP
 D = Non-vault monster count
 E = Vault monster count
 F = Vault count percentage of total count
                 A         B        C        D         E       F
            +---------+---------+-------+---------+---------+-------
      Total |      29 |       6 |  17.1 |      18 |       4 |  18.2
            +---------+---------+-------+---------+---------+-------
        D:1 |      16 |       6 |  27.3 |      11 |       4 |  26.7
        D:2 |      13 |       0 |   0.0 |       7 |       0 |   0.0
            +---------+---------+-------+---------+---------+-------
